 Dungeon Crawl Stone Soup version 0.30.1-3-gfc49f6343a (webtiles) character file.

Game seed: 3534786801984358172

183 Zeor the Shooter (level 5, -9/32 HPs)
             Began as a Tengu Hunter on Aug 7, 2023.
             Mangled by Crazy Yiuf
             ... wielding a +2 quarterstaff of chaos
              (15 damage)
             ... on level 2 of the Dungeon.
             The game lasted 00:04:31 (1119 turns).

Zeor the Shooter (Tengu Hunter)                     Turns: 1119, Time: 00:04:31

Health: -9/32      AC:  4    Str: 11    XL:     5   Next: 62%
Magic:  4/6        EV: 14    Int: 10    God:
Gold:   41         SH:  0    Dex: 19    Spells: 4/4 levels left

rFire   . . .        b - +1 dagger (vamp)
rCold   . . .        (no shield)
rNeg    . . .        c - +0 leather armour
rPois   .            (helmet restricted)
rElec   .            j - +0 cloak
rCorr   .            (no gloves)
SInv    .            (boots unavailable)
Will    .....        (no amulet)
Stlth   ++           (no ring)
HPRegen 0.25/turn    (no ring)
MPRegen 0.10/turn

%: no passive effects
@: flying quickly and evasively, quick
A: beak, talons 3, nimble flight
a: no special abilities


You were on level 2 of the Dungeon.
You visited 1 branch of the dungeon, and saw 2 of its levels.

You collected 52 gold pieces.
You spent 11 gold pieces at shops.

Inventory:

Hand Weapons
 a - a +1 shortbow
 b - a +1 vampiric dagger (weapon)
 n - a +0 flail
Missiles
 i - 2 boomerangs
Armour
 c - a +0 leather armour (worn)
 j - a +0 cloak (worn)
Wands
 m - a wand of polymorph (11)
Scrolls
 g - a scroll of fog
 h - a scroll of immolation
 l - a scroll of teleportation
Potions
 d - a potion of lignification
 k - a potion of attraction {unknown}
 o - a potion of curing {unknown}


   Skills:
 * Level 3.2 Fighting
 + Level 6.4 Ranged Weapons
 + Level 1.2 Armour
 + Level 2.3 Dodging
 + Level 1.0 Stealth


You had 4 spell levels left.
You didn't know any spells.
Your spell library contained the following spells:

 Spells                   Type           Power      Damage    Failure   Level
 Sandblast                Erth           0%         2d4       45%         1
 Passwall                 Tmut/Erth      0%         N/A       58%         2
 Stone Arrow              Conj/Erth      0%         3d7       83%         3


Dungeon Overview and Level Annotations

Branches:
Dungeon (2/15)

Altars:

Shops:
D:1 !

Annotations:
D:2 Crazy Yiuf


Innate Abilities, Weirdness & Mutations

You have a beak for a mouth.
You have claws for feet.
Your magical nature lets you fly swiftly and evasively.


Message History

You feel sick.
You feel much better.
You feel sick. Crazy Yiuf closely misses you.
Fire: a) +1 shortbow
Press: ? - help, Q - select action, (/) - cycle Shift-Dir - straight line, f/p - Crazy Yiuf
Aim: Crazy Yiuf, wielding a +2 quarterstaff of chaos and wearing a +0 cloak (heavily wounded, 69% to hit)
You shoot an arrow. The arrow hits Crazy Yiuf.
Crazy Yiuf is severely wounded.
You feel sick. Crazy Yiuf closely misses you.
You feel a sense of dread.
b - a +1 vampiric dagger (weapon)
Crazy Yiuf says, "Nubble mumblescurry shoe!"
Crazy Yiuf hits you with a +2 quarterstaff of chaos.
You resist with some effort.
You hit Crazy Yiuf.
You feel better.
You claw Crazy Yiuf. Your peck misses Crazy Yiuf.
Crazy Yiuf is severely wounded.
You feel sick.
Crazy Yiuf hits you with a +2 quarterstaff of chaos.
You feel your power leaking away.
You hit Crazy Yiuf but do no damage. Your kick misses Crazy Yiuf.
Crazy Yiuf is severely wounded.
You feel sick.
You are no longer poisoned.
Crazy Yiuf says, "Candle water blue!"
Crazy Yiuf drinks a potion.
Crazy Yiuf is healed!
You hit Crazy Yiuf.
You feel better.
Crazy Yiuf is lightly wounded.
Crazy Yiuf closely misses you.
You hit Crazy Yiuf but do no damage. You claw Crazy Yiuf.
Crazy Yiuf is moderately wounded.
Crazy Yiuf closely misses you.
You hit Crazy Yiuf.
You feel better.
You claw Crazy Yiuf.
Crazy Yiuf is almost dead.
Crazy Yiuf hits you with a +2 quarterstaff of chaos!
Space warps horribly around you!
* * * LOW HITPOINT WARNING * * *
It was a potion of flight.
You feel more buoyant.
Crazy Yiuf hits you with a +2 quarterstaff of chaos!
You die...

▒∙∙∙∙>▒ ♣∙♣♣ ▒∙▒▒▒∙▒ ♣♣∙♣♣ ∙∙▒
▒∙▒ ♣∙∙∙♣♣ ▒∙▒▒▒∙▒ ♣∙∙∙∙♣ ▒∙∙∙∙∙▒
▒∙∙∙∙▒ ∙∙▒▒∙∙▒▒▒▒▒▒▒▒▒▒▒▒∙∙∙∙▒
∙▒▒▒▒∙▒▒∙∙∙∙∙∙∙∙∙∙∙∙∙∙▒▒▒▒▒▒▒▒▒▒▒
∙∙∙∙∙∙∙'∙∙∙∙∙([∙g∙)∙∙∙∙∙∙∙∙∙∙∙∙<▒
▒▒▒▒▒∙▒▒∙∙∙∙∙∙∙∙Q∙∙∙∙∙▒▒▒▒▒▒▒▒▒▒▒
∙▒▒▒▒∙▒▒∙∙∙∙∙∙∙∙∙∙∙∙∙∙▒
∙∙∙▒▒∙▒▒∙∙∙∙∙∙∙∙∙∙∙∙∙∙▒
▒▒∙∙∙∙▒▒∙∙∙∙∙∙∙∙∙∙∙∙∙∙▒
▒▒▒∙∙∙∙▒▒▒▒▒▒▒▒▒▒▒▒▒▒▒ ▒∙∙∙)∙∙∙∙▒
▒▒▒∙∙∙∙∙∙∙∙▒ ∙∙∙∙∙∙∙∙∙∙∙▒
∙∙∙∙∙∙∙∙∙∙∙▒


You could see Crazy Yiuf.

Vanquished Creatures
  Sigmund (D:2)
  A dart slug (D:2)
  2 ball pythons
  A bat (D:2)
  2 endoplasms (D:2)
  A giant cockroach (D:1)
  5 goblins
  3 hobgoblins
  A frilled lizard (D:1)
  3 kobolds (D:1)
  2 rats
22 creatures vanquished.

Notes
Turn   | Place    | Note
-------+----------+-------------------------------------------
     0 | D:1      | Zeor the Tengu Hunter began the quest for the Orb.
     0 | D:1      | Reached XP level 1. HP: 12/12 MP: 2/2
    29 | D:1      | Found Dumekki's Distillery.
    41 | D:1      | Bought a potion of degeneration for 11 gold pieces
   170 | D:1      | Reached XP level 2. HP: 17/17 MP: 3/3
   254 | D:1      | Found a faded altar of an unknown god.
   644 | D:2      | Found a runed translucent door.
   645 | D:2      | Noticed Crazy Yiuf
   797 | D:2      | Noticed Sigmund
   805 | D:2      | Reached skill level 5 in Ranged Weapons
   811 | D:2      | Killed Sigmund
   812 | D:2      | Reached skill level 6 in Ranged Weapons
   812 | D:2      | Reached skill level 1 in Armour
   812 | D:2      | Reached XP level 3. HP: 23/23 MP: 4/4
   812 | D:2      | Reached XP level 4. HP: 28/28 MP: 5/5
   812 | D:2      | Gained mutation: Your magical nature lets you fly swiftly
                  | and evasively. [Tengu growth]
   812 | D:2      | Reached XP level 5. HP: 32/32 MP: 6/6
  1119 | D:2      | Mangled by Crazy Yiuf

Illustrated notes

Levels and vault maps discovered:
D:1:      evilmike_arrival_plus, layout_basic,
          dreamdust_ecumenical_altar_angels_and_demons, serial_shops, shop
D:2:      layout_basic, nicolae_concentric_dashed_squares_wild, uniq_sigmund,
          uniq_crazy_yiuf_cottage

Skill      XL: |  1  2 |
---------------+-------+-----
Ranged Weapons | 6 |  6.4
Fighting       | 3 |  3.2
Armour         | 1 |  1.2
Dodging        | |  2.3
Stealth        | |  1.0

Action                     |  1- 3 |  4- 6 || total
---------------------------+-------+-------++-------
  Melee: Dagger            |       |     5 ||     5
         Kick              |       |     3 ||     3
   Fire: Shortbow          |    45 |    15 ||    60
    Use: Scroll            |     7 |     1 ||     8
         Potion            |       |     2 ||     2
 Armour: Skin              |     4 |       ||     4
         Leather armour    |     3 |       ||     3
  Dodge: Dodged            |     7 |     6 ||    13
